Map: Abyssal Reef LE

Players

Winthrowe

  • Race: Terran Terran
  • League: Silver
  • Spawn Location: 5:00

Jester - Winner!

  • Race: Protoss Protoss
  • League: Gold
  • Spawn Location: 11:00

VOD

Have the link to the VOD?

Description

Time

  • Played on: Aug. 28, 2017, 5:34 p.m.
  • Length: 15:21
Show
View Real Time Build Order
Export as new Build Order

Winthrowe Terran 

Build Orders: MMM Bio 

Get SALT Encoding   

  12  0:01  SCV  
  13  0:13  SCV  
  14  0:19  Supply Depot  
  14  0:25  SCV  
  15  0:41  SCV  
  16  0:43  Barracks  
  16  0:53  SCV  
  16  0:56  Refinery  
  17  1:05  SCV  
  18  1:18  SCV  
  19  1:30  SCV  
  20  1:33  Supply Depot  
  20  1:42  SCV  
  20  1:45  Refinery  
  21  1:49  Marine  
  23  1:54  SCV  
  23  2:07  Orbital Command  
  23  2:17  Marine  
  24  2:40  Factory  
  24  2:49  Barracks Reactor  
  24  3:18  Command Center  
  24  3:26  Marine x2  
  26  3:32  Factory Tech Lab  
  26  3:36  SCV  
  27  3:44  Marine x2  
  29  3:48  SCV  
  29  3:51  Starport  
  30  4:01  Marine, SCV  
  30  4:02  Marine  
  31  4:19  Marine  
  31  4:20  Marine, Siege Tank, SCV  
  37  4:28  Barracks  
  37  4:32  SCV  
  37  4:34  Refinery  
  37  4:35  SCV  
  39  4:44  SCV  
  40  4:47  SCV  
  40  4:52  Siege Tank  
  44  4:54  Medivac  
  44  4:56  SCV  
  44  4:57  Refinery  
  44  4:59  SCV  
  48  5:03  Marine x2  
  50  5:16  Barracks Tech Lab  
  50  5:19  Barracks  
  50  5:21  Marine x2  
  50  5:24  Siege Tank, Starport Tech Lab  
  55  5:38  SCV x2  
  57  5:50  SCV x2  
  57  5:55  Command Center  
  59  6:02  SCV x2  
  61  6:07  Engineering Bay  
  61  6:08  Engineering Bay  
  61  6:14  SCV  
  62  6:31  Stimpack  
  62  6:45  Starport Reactor  
  62  6:56  Supply Depot  
  62  7:04  Terran Infantry Weapons Level 1, Terran Infantry Armor Level 1  
  62  7:06  Marine x3  
  62  7:07  SCV, Cyclone  
  69  7:19  Supply Depot  
  69  7:23  Medivac x2  
  69  7:24  Marine x3  
  76  7:37  Combat Shields  
  76  7:39  Cyclone  
  76  7:42  Marine x3  
  74  8:00  Marine x2, Marauder  
  63  8:11  Cyclone  
  60  8:18  Marine x2  
  62  8:21  Viking, Marine  
  62  8:22  Viking  
  66  8:35  Marine x2  
  66  8:39  Marine  
  65  8:43  Cyclone  
  56  8:53  Marine x2  
  58  8:56  Concussive Shells  
  58  8:57  Marine  
  48  9:08  Armory  
  48  9:09  Planetary Fortress  
  45  9:11  Marine x2  
  45  9:15  Marine, Cyclone  
  47  9:29  Marine x2  
  45  9:33  Marine  
  45  9:35  Viking  
  45  9:36  Viking  
  41  9:47  Marine x2, Cyclone  
  41  9:50  Marine  
  31  10:05  Marine, Viking  
  31  10:06  Viking, Marine  
  37  10:08  Marine  
  20  10:22  Thor, Marine  
  20  10:24  Marine  
  20  10:26  Marine  
  17  10:35  Viking  
  17  10:40  Marine  
  17  10:42  Marine  
  22  10:44  Marine  
  18  10:54  Viking  
  16  10:58  Marine  
  16  11:02  Marine  
  17  11:15  Marine  
  17  11:33  Marine  
  16  11:51  Marine  
  17  11:57  SCV  
  17  11:58  SCV  
  19  12:09  SCV  
  19  12:10  SCV  
  19  12:13  Marine x2  
  23  12:30  Marine  
  23  12:31  Marine  
  25  12:56  SCV x2  
  27  13:01  Command Center  
  27  13:08  Barracks Reactor, SCV x2  
  29  13:35  SCV  
  29  13:36  SCV  
  31  13:47  SCV  
  31  13:48  SCV  
  33  13:59  SCV  
  33  14:00  SCV  
  35  14:30  Marine x2  
  35  14:31  Marine  
  38  14:36  SCV  
  38  14:37  SCV  
  40  14:40  Barracks Reactor  
  40  14:48  Marine x3, SCV  
  40  14:49  SCV  
  45  15:00  SCV  
Show
View Real Time Build Order
Export as new Build Order

Jester Protoss - Winner!

Build Orders: 1 Gate Expand, Phoenix Opening 

Get SALT Encoding   

  12  0:01  Probe (Chrono Boost)  
  13  0:11  Probe (Chrono Boost)  
  14  0:19  Pylon  
  14  0:22  Probe (Chrono Boost)  
  15  0:38  Gateway  
  15  0:40  Probe (Chrono Boost)  
  16  0:47  Assimilator  
  16  0:51  Probe (Chrono Boost)  
  17  1:01  Probe (Chrono Boost)  
  18  1:12  Probe (Chrono Boost)  
  19  1:28  Probe (Chrono Boost)  
  19  1:31  Nexus  
  20  1:36  Pylon  
  20  1:39  Assimilator  
  20  1:49  Cybernetics Core  
  20  1:53  Probe (Chrono Boost)  
  21  2:03  Gateway  
  21  2:12  Pylon  
  21  2:19  Probe (Chrono Boost)  
  22  2:26  Warp Gate (Chrono Boost)  
  22  2:38  Stargate  
  22  2:40  Probe  
  22  2:43  Probe  
  26  2:51  Adept  
  26  2:52  Probe  
  26  2:53  Adept, Probe  
  30  3:04  Probe x2  
  32  3:13  Assimilator  
  32  3:15  Probe  
  32  3:16  Probe  
  34  3:22  Pylon  
  34  3:26  Phoenix  
  36  3:28  Probe  
  37  3:36  Probe  
  37  3:40  Probe  
  39  3:46  Probe  
  39  3:48  Adept x2  
  44  3:52  Probe  
  44  3:55  Pylon  
  45  3:57  Probe  
  44  4:23  Twilight Council  
  44  4:25  Probe  
  44  4:28  Robotics Facility  
  44  4:29  Probe  
  46  4:33  Adept x2  
  46  4:35  Probe  
  51  4:41  Probe  
  52  4:46  Probe  
  52  4:49  Gateway  
  53  4:53  Phoenix, Probe  
  53  4:56  Probe  
  57  5:02  Resonating Glaives (Chrono Boost)  
  59  5:08  Forge  
  59  5:09  Probe  
  60  5:14  Assimilator  
  60  5:19  Mothership Core, Probe  
  61  5:30  Pylon  
  61  5:32  Nexus, Pylon  
  61  5:34  Pylon  
  61  5:35  Pylon x2  
  61  5:37  Observer  
  62  5:50  Sentry x2  
  62  5:52  Adept  
  68  5:58  Phoenix  
  68  6:01  Protoss Ground Weapons Level 1 (Chrono Boost)  
  70  6:04  Warp Prism  
  72  6:12  Probe  
  73  6:22  Adept  
  73  6:23  Adept x2, Phoenix  
  81  6:43  Adept  
  81  6:44  Adept x2  
  87  6:48  Phoenix  
  89  7:12  Adept x2  
  89  7:13  Adept, Phoenix  
  97  7:19  Charge  
  97  7:27  Robotics Bay  
  97  7:37  Adept x2  
  97  7:38  Adept, Phoenix  
  97  7:42  Protoss Ground Armor Level 1 (Chrono Boost)  
  83  8:15  Adept x3  
  89  8:24  Extended Thermal Lance  
  89  8:25  Colossus  
  83  9:10  Adept  
  83  9:11  Adept x2  
  85  10:47  Stalker  
  85  10:48  Stalker x2  
  73  11:36  Adept x2  
  73  11:37  Adept  
  79  11:43  Assimilator  
  79  11:46  Gravitic Drive  
  75  11:51  Void Ray  
  77  11:58  Adept x3  
  83  12:03  Protoss Ground Weapons Level 2 (Chrono Boost)  
  83  12:13  Nexus  
  83  12:15  Pylon  
  83  12:17  Pylon  
  83  12:19  Gateway, Pylon  
  83  12:20  Gateway, Pylon  
  83  12:21  Gateway  
  83  12:23  Gateway  
  83  12:24  Adept x2  
  83  12:25  Adept  
  89  12:31  Gateway  
  89  12:33  Gateway  
  89  12:34  Void Ray  
  89  12:36  Gateway  
  93  12:38  Gateway  
  93  12:46  Sentry x2, Adept  
  99  12:54  Gateway  
  99  12:58  Observer Gravitic Boosters  
  99  12:59  Colossus  
  105  13:16  Void Ray  
  109  13:37  Zealot x3  
  109  13:38  Zealot x6  
  109  13:39  Zealot x2  
  131  13:53  Colossus  
  135  14:56  Zealot x5  
  135  14:57  Zealot x6  
Tags
 
Add a new tag
Caveats
  • Supply blocks, unpowered buildings, or Contaminate may cause inaccurate times.
  • Supply counts are checked every 10 seconds.